Pick #1

Connor Bedard
Pick #2

Leo Carlsson
Pick #3

Adam Fantilli
Pick #4

Matvei Michkov
Pick #5

David Reinbacher
Pick #6

William Smith
Pick #7

Zachary Benson
Pick #8

Ryan Leonard
Pick #9

Gabriel Perreault
Pick #10

Axel Sandin-Pellika
Pick #11

Daniil But
Pick #12

Dalibor Dvorsky
Pick #13

Quentin Musty
Pick #14

Brayden Yager
Pick #15

Dmitry Simashev
Pick #16

Colby Barlow
Pick #17

Andrew Cristall
Pick #18

Easton Cowan
Pick #19

Jacob Fowler
Pick #20

Oliver Moore
Pick #21

Oliver Bonk
Pick #22

Tom Willander
Pick #23

Calum Ritchie
Pick #24

Tanner Molendyk
Pick #25

Gavin Brindley
Pick #26

Nate Danielson
Pick #27

Pick #28

Pick #29

Pick #30

Pick #31

Pick #32

Pick #33

Pick #34

Pick #35

Pick #36

Pick #37

Pick #38

Pick #39

Pick #40

Pick #41

Pick #42

Pick #43

Pick #44

Pick #45

Pick #46

Pick #47

Pick #48

Pick #49

Pick #50

Pick #51

Pick #52

Pick #53

Pick #54

Pick #55

Pick #56

Pick #57

Pick #58

Pick #59

Pick #60

Pick #61

Pick #62

Pick #63

Pick #64

Pick #65

Pick #66

Pick #67

Pick #68

Pick #69

Pick #70

Pick #71

Pick #72

Pick #73

Pick #74

Pick #75

Pick #76

Pick #77

Pick #78

Pick #79

Pick #80

Pick #81

Pick #82

Pick #83

Pick #84

Pick #85

Pick #86

Pick #87

Pick #88

Pick #89

Pick #90

Pick #91

Pick #92

Pick #93

Pick #94

Pick #95

Pick #96

Pick #97

Pick #98

Pick #99

Pick #100

Pick #101

Pick #102

Pick #103

Pick #104

Pick #105

Pick #106

Pick #107

Pick #108

Pick #109

Pick #110

Pick #111

Pick #112

Pick #113

Pick #114

Pick #115

Pick #116

Pick #117

Pick #118

Pick #119

Pick #120

Pick #121

Pick #122

Pick #123

Pick #124

Pick #125

Pick #126

Pick #127

Pick #128

Pick #129

Pick #130

Full Scoreboard »»

BlackHawks vs Panthers

Created - January 10, 2024 at 19:07

Goals
1 2 3 T
BlackHawks 3 0 0 3
Panthers 0 1 0 1
Shots
1 2 3 T
BlackHawks 12 10 12 34
Panthers 4 5 5 14

GoalsPenalties
1st period
1. BlackHawks , Kirill Kaprizov 14 (Ivan Barbashev 23, Braden Schneider 13) at 6:40
2. BlackHawks , Derek Forbort 5 (Jordan Martinook 5, Andrei Kuzmenko 12) at 8:21
3. BlackHawks , Ivan Barbashev 16 (Andrei Kuzmenko 13, Marc-Edouard Vlasic 11) at 14:35 (PP)
Brady Tkachuk (FLA) for Holding (Minor) at 12:48
Brady Tkachuk (FLA) for Hooking (Minor) at 18:08
2nd period
4. Panthers , Quinn Hughes 4 (Charlie McAvoy 20, Aleksander Barkov 23) at 17:56 (PP)
Zach Bogosian (CHI) for Tripping (Minor) at 17:21
Jake Sanderson (FLA) for High sticking (Minor) at 18:35
3rd period
No Goal
Ivan Barbashev (CHI) for Holding (Minor) at 5:09
Oliver Ekman-Larsson (FLA) for Holding (Minor) at 7:48
Goalie Stats
Marc-Andre Fleury (CHI), 13 saves from 14 shots - (0.929), W, 13-12-4, 60:00 minutes
Alexandar Georgiev (FLA), 31 saves from 34 shots - (0.912), L, 24-6-2, 60:00 minutes
3 StarsOfficial
1 - Derek Forbort (CHI)
2 - Ivan Barbashev (CHI)
3 - Andrei Kuzmenko (CHI)
Referees : Stephen Hiff and Kendrick Nicholson
Linesman : Tyson Baker and Kory Nagy
Game Note
No Game Note
Finance
Level 1 -- Attendance: 5069 (84.48%) -- Ticket Income $633,625
Level 2 -- Attendance: 4243 (84.86%) -- Ticket Income $403,085
Level 3 -- Attendance: 3141 (89.74%) -- Ticket Income $219,870
Level 4 -- Attendance: 2542 (67.79%) -- Ticket Income $114,390
Luxury Box -- Attendance: 879 (87.90%) -- Ticket Income $202,170
Game was played at the BBT Center.
Total Attendance: 15874 (82.46%)
Total Ticket Income: $1,573,140
Other Income: $393,285
Total Income: $1,966,425



Team Name Goals Shots Shots Attemp Shots Blocked PIM HIT PP PK FO%
BlackHawks 3345864271 / 4 (25%)130%
Panthers 1144688161 / 2 (50%)170%

BlackHawks
Player Name POS G A P +/- PIM HIT SHT SB MP PP MP PP SHT PK MP PK SHT FO% FOT
Anders LeeLW0000003014:590:3300:0000% 0
Andrei KuzmenkoLW0221024014:524:2640:5000% 0
Braden SchneiderD0111021220:293:4211:3600% 0
Derek ForbortD1011071123:563:2900:5800% 0
Ivan BarbashevC1121245223:454:0420:00042% 26
Jaden SchwartzC0001001012:362:4700:13056% 9
Jordan MartinookLW0111001119:422:3211:4400% 2
Justin BraunD0000012016:010:5910:0000% 0
Kirill KaprizovLW1011005022:132:3200:0000% 0
Marc-Edouard VlasicD0111002020:494:0221:3600% 0
Max DomiC000000000:000:0000:0000% 0
Nick LeddyD0001012024:294:0210:5800% 0
Nick RitchieLW000000006:070:0000:0000% 6
Ryan DonatoC0001001020:300:2000:3700% 4
Sonny MilanoLW0000003021:225:1221:44013% 15
Ty DellandreaC0000031014:260:0000:000100% 1
Tyler SeguinC000001206:070:0000:0000% 0
Zach BogosianD0000260015:010:0000:0000% 0
Panthers
Player Name POS G A P +/- PIM HIT SHT SB MP PP MP PP SHT PK MP PK SHT FO% FOT
Aleksander BarkovC0110002020:201:5100:55068% 19
Alexandre CarrierD000-1010113:530:0000:0000% 0
Andrei SvechnikovRW0000011019:251:5100:000100% 2
Brady TkachukLW0000440015:500:4300:000100% 1
Charlie McAvoyD011-1010323:261:5103:5600% 0
Frederick GaudreauC000-1011115:220:0004:42045% 11
Jack HughesC0000001015:520:4300:0000% 1
Jake SandersonD0000230120:560:0002:4700% 0
Jamie BennLW000-1011012:470:0002:0700% 0
Kasperi KapanenRW000-1001010:400:0000:0000% 0
Matthew TkachukLW0000001019:251:5100:0000% 0
Michael McLeodC000-101008:260:0002:070100% 1
Mikael BacklundC000-1002011:560:0005:37079% 14
Oliver Ekman-LarssonD000-1200115:360:4301:0100% 0
Owen PowerD0000011022:410:4313:4800% 0
Quinn HughesD101-1011123:261:5113:5600% 0
Robby FabbriC000-101006:190:0000:0000% 0
Roope HintzC0000002015:520:4300:00079% 14



Play-by-Play

1st period


0:01 of 1st period - Aleksander Barkov wins face-off versus Ivan Barbashev in neutral zone.
0:18 of 1st period - Charlie McAvoy is hit by Ivan Barbashev and loses puck.
1:16 of 1st period - Owen Power is hit by Braden Schneider and loses puck.
1:26 of 1st period - Jack Hughes is hit by Braden Schneider and loses puck.
1:35 of 1st period - Shot by Roope Hintz.
1:35 of 1st period - Shot Misses the Net.
1:41 of 1st period - Shot by Roope Hintz.
1:41 of 1st period - Shot Misses the Net.
2:08 of 1st period - Icing by Frederick Gaudreau.
2:09 of 1st period - Jaden Schwartz wins face-off versus Frederick Gaudreau in Panthers zone.
2:10 of 1st period - Shot by Andrei Kuzmenko.
2:10 of 1st period - Shot Misses the Net.
2:24 of 1st period - Shot by Jamie Benn.
2:24 of 1st period - Shot Blocked by Jordan Martinook.
3:35 of 1st period - Shot by Kirill Kaprizov.
3:35 of 1st period - Shot Misses the Net.
3:49 of 1st period - Off-side.
3:50 of 1st period - Sonny Milano wins face-off versus Aleksander Barkov in neutral zone.
4:00 of 1st period - Andrei Svechnikov is hit by Ty Dellandrea.
4:33 of 1st period - Owen Power is hit by Ty Dellandrea and loses puck.
4:56 of 1st period - Off-side.
4:57 of 1st period - Roope Hintz wins face-off versus Ivan Barbashev in neutral zone.
5:18 of 1st period - Shot by Jack Hughes.
5:18 of 1st period - Stopped by Marc-Andre Fleury without a rebound.
5:19 of 1st period - Frederick Gaudreau wins face-off versus Nick Ritchie in BlackHawks zone.
6:36 of 1st period - Shot by Kirill Kaprizov.
6:36 of 1st period - Stopped by Alexandar Georgiev with a rebound.
6:38 of 1st period - Shot by Kirill Kaprizov.
6:38 of 1st period - Shot Blocked by Oliver Ekman-Larsson.
6:40 of 1st period - Shot by Kirill Kaprizov.
6:40 of 1st period - Goal by Kirill Kaprizov - BlackHawks : 1 - Panthers : 0.
6:41 of 1st period - Aleksander Barkov wins face-off versus Sonny Milano in neutral zone.
7:54 of 1st period - Shot by Jack Hughes.
7:54 of 1st period - Shot Misses the Net.
8:07 of 1st period - Icing by Derek Forbort.
8:08 of 1st period - Jaden Schwartz wins face-off versus Mikael Backlund in BlackHawks zone.
8:19 of 1st period - Shot by Andrei Kuzmenko.
8:19 of 1st period - Deflect By Jordan Martinook.
8:19 of 1st period - Shot Misses the Net.
8:21 of 1st period - Shot by Derek Forbort.
8:21 of 1st period - Goal by Derek Forbort - BlackHawks : 2 - Panthers : 0.
8:22 of 1st period - Brady Tkachuk wins face-off versus Ivan Barbashev in neutral zone.
8:29 of 1st period - Shot by Roope Hintz.
8:29 of 1st period - Shot Blocked by Braden Schneider.
8:31 of 1st period - Shot by Alexandre Carrier.
8:31 of 1st period - Shot Misses the Net.
8:47 of 1st period - Shot by Brady Tkachuk.
8:47 of 1st period - Deflect By Roope Hintz.
8:47 of 1st period - Stopped by Marc-Andre Fleury without a rebound.
8:48 of 1st period - Mikael Backlund wins face-off versus Sonny Milano in BlackHawks zone.
9:11 of 1st period - Shot by Mikael Backlund.
9:11 of 1st period - Stopped by Marc-Andre Fleury without a rebound.
9:12 of 1st period - Aleksander Barkov wins face-off versus Ryan Donato in BlackHawks zone.
9:31 of 1st period - Kirill Kaprizov is hit by Owen Power and loses puck.
9:36 of 1st period - Shot by Kirill Kaprizov.
9:36 of 1st period - Deflect By Ivan Barbashev.
9:36 of 1st period - Stopped by Alexandar Georgiev with a rebound.
9:52 of 1st period - Shot by Kirill Kaprizov.
9:52 of 1st period - Stopped by Alexandar Georgiev without a rebound.
9:53 of 1st period - Jaden Schwartz wins face-off versus Jack Hughes in Panthers zone.
10:24 of 1st period - Shot by Quinn Hughes.
10:24 of 1st period - Shot Hit the Post.
10:58 of 1st period - Anders Lee is hit by Jamie Benn and loses puck.
11:19 of 1st period - Icing by Owen Power.
11:20 of 1st period - Frederick Gaudreau wins face-off versus Ivan Barbashev in Panthers zone.
11:20 of 1st period - Frederick Gaudreau is hit by Ivan Barbashev.
11:29 of 1st period - Icing by Nick Leddy.
11:30 of 1st period - Aleksander Barkov wins face-off versus Ivan Barbashev in BlackHawks zone.
11:30 of 1st period - Matthew Tkachuk is hit by Derek Forbort and loses puck.
11:40 of 1st period - Shot by Matthew Tkachuk.
11:40 of 1st period - Shot Blocked by Derek Forbort.
11:42 of 1st period - Shot by Aleksander Barkov.
11:42 of 1st period - Shot Misses the Net.
11:47 of 1st period - Aleksander Barkov is hit by Derek Forbort.
11:56 of 1st period - Andrei Svechnikov is hit by Derek Forbort and loses puck.
12:08 of 1st period - Matthew Tkachuk is hit by Derek Forbort and loses puck.
12:11 of 1st period - Shot by Aleksander Barkov.
12:11 of 1st period - Shot Blocked by Ivan Barbashev.
12:24 of 1st period - Kirill Kaprizov is hit by Brady Tkachuk and loses puck.
12:48 of 1st period - Minor Penalty to Brady Tkachuk for Holding.
12:49 of 1st period - Jaden Schwartz wins face-off versus Frederick Gaudreau in Panthers zone.
13:05 of 1st period - Jaden Schwartz is hit by Jake Sanderson and loses puck.
13:32 of 1st period - Shot by Marc-Edouard Vlasic.
13:32 of 1st period - Stopped by Alexandar Georgiev with a rebound.
14:01 of 1st period - Shot by Anders Lee.
14:01 of 1st period - Shot Misses the Net.
14:33 of 1st period - Shot by Ivan Barbashev.
14:33 of 1st period - Stopped by Alexandar Georgiev with a rebound.
14:35 of 1st period - Shot by Ivan Barbashev.
14:35 of 1st period - Goal by Ivan Barbashev - BlackHawks : 3 - Panthers : 0.
14:36 of 1st period - Andrei Svechnikov wins face-off versus Nick Ritchie in neutral zone.
14:48 of 1st period - Andrei Svechnikov is hit by Zach Bogosian and loses puck.
15:13 of 1st period - Shot by Tyler Seguin.
15:13 of 1st period - Stopped by Alexandar Georgiev without a rebound.
15:14 of 1st period - Roope Hintz wins face-off versus Sonny Milano in Panthers zone.
16:19 of 1st period - Shot by Mikael Backlund.
16:19 of 1st period - Stopped by Marc-Andre Fleury without a rebound.
16:20 of 1st period - Aleksander Barkov wins face-off versus Ryan Donato in BlackHawks zone.
16:41 of 1st period - Shot by Andrei Svechnikov.
16:41 of 1st period - Shot Blocked by Ivan Barbashev.
16:47 of 1st period - Shot by Kirill Kaprizov.
16:47 of 1st period - Deflect By Ryan Donato.
16:47 of 1st period - Stopped by Alexandar Georgiev with a rebound.
17:02 of 1st period - Kirill Kaprizov is hit by Alexandre Carrier and loses puck.
17:48 of 1st period - Frederick Gaudreau is hit by Zach Bogosian and loses puck.
18:08 of 1st period - Minor Penalty to Brady Tkachuk for Hooking.
18:09 of 1st period - Ivan Barbashev wins face-off versus Mikael Backlund in Panthers zone.
18:25 of 1st period - Icing by Derek Forbort.
18:26 of 1st period - Ivan Barbashev wins face-off versus Mikael Backlund in BlackHawks zone.
19:18 of 1st period - Shot by Braden Schneider.
19:18 of 1st period - Stopped by Alexandar Georgiev with a rebound.
19:20 of 1st period - Shot by Justin Braun.
19:20 of 1st period - Stopped by Alexandar Georgiev without a rebound.
19:21 of 1st period - Mikael Backlund wins face-off versus Ivan Barbashev in Panthers zone.
Goals for this period are 3 for BlackHawks vs 0 for Panthers.
Shots for this period are 12 for BlackHawks vs 4 for Panthers.

2nd period


0:01 of 2nd period - Mikael Backlund wins face-off versus Ivan Barbashev in neutral zone.
0:04 of 2nd period - Nick Leddy is hit by Frederick Gaudreau and loses puck.
0:26 of 2nd period - Shot by Andrei Svechnikov.
0:26 of 2nd period - Deflect By Aleksander Barkov.
0:26 of 2nd period - Stopped by Marc-Andre Fleury without a rebound.
0:27 of 2nd period - Ivan Barbashev wins face-off versus Roope Hintz in BlackHawks zone.
1:46 of 2nd period - Shot by Anders Lee.
1:46 of 2nd period - Stopped by Alexandar Georgiev without a rebound.
1:47 of 2nd period - Mikael Backlund wins face-off versus Jaden Schwartz in Panthers zone.
2:55 of 2nd period - Icing by Jake Sanderson.
2:56 of 2nd period - Aleksander Barkov wins face-off versus Ivan Barbashev in Panthers zone.
2:56 of 2nd period - Aleksander Barkov is hit by Ivan Barbashev.
3:11 of 2nd period - Aleksander Barkov is hit by Derek Forbort and loses puck.
3:34 of 2nd period - Shot by Andrei Svechnikov.
3:34 of 2nd period - Shot Hit the Post.
3:43 of 2nd period - Off-side.
3:44 of 2nd period - Roope Hintz wins face-off versus Sonny Milano in neutral zone.
3:51 of 2nd period - Shot by Brady Tkachuk.
3:51 of 2nd period - Shot Misses the Net.
3:53 of 2nd period - Shot by Roope Hintz.
3:53 of 2nd period - Stopped by Marc-Andre Fleury without a rebound.
3:54 of 2nd period - Frederick Gaudreau wins face-off versus Sonny Milano in BlackHawks zone.
4:02 of 2nd period - Off-side.
4:03 of 2nd period - Roope Hintz wins face-off versus Sonny Milano in neutral zone.
4:38 of 2nd period - Shot by Anders Lee.
4:38 of 2nd period - Stopped by Alexandar Georgiev without a rebound.
4:39 of 2nd period - Ivan Barbashev wins face-off versus Aleksander Barkov in Panthers zone.
4:49 of 2nd period - Shot by Aleksander Barkov.
4:49 of 2nd period - Shot Misses the Net.
4:51 of 2nd period - Shot by Aleksander Barkov.
4:51 of 2nd period - Deflect By Andrei Svechnikov.
4:51 of 2nd period - Shot Misses the Net.
6:03 of 2nd period - Nick Ritchie is hit by Andrei Svechnikov and loses puck.
6:37 of 2nd period - Shot by Anders Lee.
6:37 of 2nd period - Shot Misses the Net.
6:39 of 2nd period - Shot by Ty Dellandrea.
6:39 of 2nd period - Shot Misses the Net.
6:41 of 2nd period - Shot by Anders Lee.
6:41 of 2nd period - Shot Blocked by Charlie McAvoy.
6:55 of 2nd period - Ty Dellandrea is hit by Quinn Hughes and loses puck.
7:00 of 2nd period - Shot by Sonny Milano.
7:00 of 2nd period - Stopped by Alexandar Georgiev without a rebound.
7:01 of 2nd period - Ivan Barbashev wins face-off versus Frederick Gaudreau in Panthers zone.
7:34 of 2nd period - Shot by Frederick Gaudreau.
7:34 of 2nd period - Shot Misses the Net.
8:07 of 2nd period - Michael McLeod is hit by Derek Forbort and loses puck.
10:24 of 2nd period - Matthew Tkachuk is hit by Zach Bogosian and loses puck.
11:39 of 2nd period - Shot by Kirill Kaprizov.
11:39 of 2nd period - Stopped by Alexandar Georgiev without a rebound.
11:40 of 2nd period - Roope Hintz wins face-off versus Nick Ritchie in Panthers zone.
12:04 of 2nd period - Icing by Derek Forbort.
12:05 of 2nd period - Aleksander Barkov wins face-off versus Nick Ritchie in BlackHawks zone.
12:20 of 2nd period - Icing by Quinn Hughes.
12:21 of 2nd period - Ivan Barbashev wins face-off versus Aleksander Barkov in Panthers zone.
13:44 of 2nd period - Shot by Brady Tkachuk.
13:44 of 2nd period - Shot Misses the Net.
14:06 of 2nd period - Oliver Ekman-Larsson is hit by Ty Dellandrea and loses puck.
14:35 of 2nd period - Shot by Frederick Gaudreau.
14:35 of 2nd period - Stopped by Marc-Andre Fleury with a rebound.
15:41 of 2nd period - Shot by Jordan Martinook.
15:41 of 2nd period - Shot Misses the Net.
16:27 of 2nd period - Shot by Andrei Svechnikov.
16:27 of 2nd period - Shot Misses the Net.
16:33 of 2nd period - Shot by Aleksander Barkov.
16:33 of 2nd period - Deflect By Matthew Tkachuk.
16:33 of 2nd period - Stopped by Marc-Andre Fleury without a rebound.
16:34 of 2nd period - Roope Hintz wins face-off versus Nick Ritchie in BlackHawks zone.
16:34 of 2nd period - Oliver Ekman-Larsson is hit by Nick Leddy and loses puck.
17:20 of 2nd period - Icing by Ivan Barbashev.
17:21 of 2nd period - Aleksander Barkov wins face-off versus Jaden Schwartz in BlackHawks zone.
17:21 of 2nd period - Minor Penalty to Zach Bogosian for Tripping.
17:22 of 2nd period - Sonny Milano wins face-off versus Aleksander Barkov in BlackHawks zone.
17:43 of 2nd period - Shot by Charlie McAvoy.
17:43 of 2nd period - Shot Misses the Net.
17:54 of 2nd period - Shot by Charlie McAvoy.
17:54 of 2nd period - Shot Misses the Net.
17:56 of 2nd period - Shot by Quinn Hughes.
17:56 of 2nd period - Goal by Quinn Hughes - BlackHawks : 3 - Panthers : 1.
17:57 of 2nd period - Ivan Barbashev wins face-off versus Frederick Gaudreau in neutral zone.
18:02 of 2nd period - Shot by Ivan Barbashev.
18:02 of 2nd period - Stopped by Alexandar Georgiev without a rebound.
18:03 of 2nd period - Roope Hintz wins face-off versus Ivan Barbashev in Panthers zone.
18:23 of 2nd period - Ivan Barbashev is hit by Jake Sanderson and loses puck.
18:35 of 2nd period - Minor Penalty to Jake Sanderson for High sticking.
18:36 of 2nd period - Mikael Backlund wins face-off versus Sonny Milano in Panthers zone.
18:52 of 2nd period - Shot by Ivan Barbashev.
18:52 of 2nd period - Shot Blocked by Charlie McAvoy.
18:54 of 2nd period - Shot by Braden Schneider.
18:54 of 2nd period - Deflect By Andrei Kuzmenko.
18:54 of 2nd period - Stopped by Alexandar Georgiev with a rebound.
18:56 of 2nd period - Shot by Sonny Milano.
18:56 of 2nd period - Stopped by Alexandar Georgiev with a rebound.
18:58 of 2nd period - Shot by Marc-Edouard Vlasic.
18:58 of 2nd period - Shot Blocked by Frederick Gaudreau.
19:00 of 2nd period - Shot by Marc-Edouard Vlasic.
19:00 of 2nd period - Shot Misses the Net.
19:02 of 2nd period - Shot by Andrei Kuzmenko.
19:02 of 2nd period - Stopped by Alexandar Georgiev without a rebound.
19:03 of 2nd period - Mikael Backlund wins face-off versus Jordan Martinook in Panthers zone.
19:39 of 2nd period - Shot by Nick Leddy.
19:39 of 2nd period - Stopped by Alexandar Georgiev with a rebound.
19:41 of 2nd period - Shot by Jordan Martinook.
19:41 of 2nd period - Stopped by Alexandar Georgiev without a rebound.
19:42 of 2nd period - Michael McLeod wins face-off versus Ivan Barbashev in Panthers zone.
Goals for this period are 0 for BlackHawks vs 1 for Panthers.
Shots for this period are 10 for BlackHawks vs 5 for Panthers.

3rd period


0:01 of 3rd period - Mikael Backlund wins face-off versus Sonny Milano in neutral zone.
0:28 of 3rd period - Shot by Sonny Milano.
0:28 of 3rd period - Stopped by Alexandar Georgiev with a rebound.
0:30 of 3rd period - Shot by Andrei Kuzmenko.
0:30 of 3rd period - Stopped by Alexandar Georgiev without a rebound.
0:31 of 3rd period - Mikael Backlund wins face-off versus Jordan Martinook in Panthers zone.
0:41 of 3rd period - Zach Bogosian is hit by Jake Sanderson and loses puck.
1:01 of 3rd period - Off-side.
1:02 of 3rd period - Roope Hintz wins face-off versus Ivan Barbashev in neutral zone.
1:24 of 3rd period - Off-side.
1:25 of 3rd period - Ty Dellandrea wins face-off versus Aleksander Barkov in neutral zone.
1:57 of 3rd period - Shot by Anders Lee.
1:57 of 3rd period - Stopped by Alexandar Georgiev without a rebound.
1:58 of 3rd period - Ivan Barbashev wins face-off versus Frederick Gaudreau in Panthers zone.
1:59 of 3rd period - Shot by Kirill Kaprizov.
1:59 of 3rd period - Shot Blocked by Quinn Hughes.
2:12 of 3rd period - Shot by Ivan Barbashev.
2:12 of 3rd period - Stopped by Alexandar Georgiev without a rebound.
2:13 of 3rd period - Roope Hintz wins face-off versus Jaden Schwartz in Panthers zone.
2:13 of 3rd period - Jack Hughes is hit by Andrei Kuzmenko and loses puck.
2:20 of 3rd period - Shot by Andrei Kuzmenko.
2:20 of 3rd period - Shot Misses the Net.
2:26 of 3rd period - Shot by Jaden Schwartz.
2:26 of 3rd period - Deflect By Andrei Kuzmenko.
2:26 of 3rd period - Shot Misses the Net.
2:28 of 3rd period - Shot by Andrei Kuzmenko.
2:28 of 3rd period - Shot Blocked by Alexandre Carrier.
2:30 of 3rd period - Shot by Jaden Schwartz.
2:30 of 3rd period - Stopped by Alexandar Georgiev without a rebound.
2:31 of 3rd period - Ivan Barbashev wins face-off versus Aleksander Barkov in Panthers zone.
2:34 of 3rd period - Shot by Kirill Kaprizov.
2:34 of 3rd period - Stopped by Alexandar Georgiev with a rebound.
2:43 of 3rd period - Icing by Quinn Hughes.
2:44 of 3rd period - Aleksander Barkov wins face-off versus Sonny Milano in Panthers zone.
2:48 of 3rd period - Icing by Quinn Hughes.
2:49 of 3rd period - Aleksander Barkov wins face-off versus Ryan Donato in Panthers zone.
3:18 of 3rd period - Shot by Aleksander Barkov.
3:18 of 3rd period - Stopped by Marc-Andre Fleury without a rebound.
3:19 of 3rd period - Frederick Gaudreau wins face-off versus Sonny Milano in BlackHawks zone.
3:20 of 3rd period - Shot by Kasperi Kapanen.
3:20 of 3rd period - Stopped by Marc-Andre Fleury without a rebound.
3:21 of 3rd period - Frederick Gaudreau wins face-off versus Sonny Milano in BlackHawks zone.
3:30 of 3rd period - Shot by Braden Schneider.
3:30 of 3rd period - Shot Blocked by Jake Sanderson.
3:32 of 3rd period - Shot by Ty Dellandrea.
3:32 of 3rd period - Shot Misses the Net.
3:34 of 3rd period - Shot by Ty Dellandrea.
3:34 of 3rd period - Stopped by Alexandar Georgiev with a rebound.
4:29 of 3rd period - Icing by Quinn Hughes.
4:30 of 3rd period - Aleksander Barkov wins face-off versus Jaden Schwartz in Panthers zone.
4:34 of 3rd period - Off-side.
4:35 of 3rd period - Roope Hintz wins face-off versus Ivan Barbashev in neutral zone.
4:39 of 3rd period - Alexandre Carrier is hit by Derek Forbort and loses puck.
5:06 of 3rd period - Shot by Ivan Barbashev.
5:06 of 3rd period - Shot Misses the Net.
5:09 of 3rd period - Minor Penalty to Ivan Barbashev for Holding.
5:10 of 3rd period - Aleksander Barkov wins face-off versus Sonny Milano in BlackHawks zone.
5:23 of 3rd period - Shot by Charlie McAvoy.
5:23 of 3rd period - Shot Misses the Net.
5:25 of 3rd period - Shot by Charlie McAvoy.
5:25 of 3rd period - Shot Blocked by Braden Schneider.
6:18 of 3rd period - Shot by Brady Tkachuk.
6:18 of 3rd period - Shot Misses the Net.
6:20 of 3rd period - Shot by Owen Power.
6:20 of 3rd period - Shot Misses the Net.
6:22 of 3rd period - Shot by Owen Power.
6:22 of 3rd period - Shot Misses the Net.
6:24 of 3rd period - Shot by Oliver Ekman-Larsson.
6:24 of 3rd period - Shot Misses the Net.
6:43 of 3rd period - Shot by Owen Power.
6:43 of 3rd period - Stopped by Marc-Andre Fleury without a rebound.
6:44 of 3rd period - Aleksander Barkov wins face-off versus Ryan Donato in BlackHawks zone.
6:51 of 3rd period - Shot by Quinn Hughes.
6:51 of 3rd period - Shot Misses the Net.
7:01 of 3rd period - Charlie McAvoy is hit by Andrei Kuzmenko.
7:20 of 3rd period - Jamie Benn is hit by Zach Bogosian and loses puck.
7:34 of 3rd period - Jamie Benn is hit by Justin Braun and loses puck.
7:45 of 3rd period - Shot by Justin Braun.
7:45 of 3rd period - Stopped by Alexandar Georgiev without a rebound.
7:46 of 3rd period - Jaden Schwartz wins face-off versus Roope Hintz in Panthers zone.
7:48 of 3rd period - Minor Penalty to Oliver Ekman-Larsson for Holding.
7:49 of 3rd period - Mikael Backlund wins face-off versus Ivan Barbashev in Panthers zone.
7:49 of 3rd period - Mikael Backlund is hit by Ivan Barbashev.
8:20 of 3rd period - Marc-Edouard Vlasic is hit by Michael McLeod and loses puck.
9:39 of 3rd period - Shot by Braden Schneider.
9:39 of 3rd period - Deflect By Andrei Kuzmenko.
9:39 of 3rd period - Stopped by Alexandar Georgiev with a rebound.
9:41 of 3rd period - Shot by Marc-Edouard Vlasic.
9:41 of 3rd period - Shot Blocked by Charlie McAvoy.
9:43 of 3rd period - Shot by Braden Schneider.
9:43 of 3rd period - Shot Misses the Net.
9:47 of 3rd period - Shot by Marc-Edouard Vlasic.
9:47 of 3rd period - Stopped by Alexandar Georgiev with a rebound.
9:58 of 3rd period - Jack Hughes is hit by Tyler Seguin and loses puck.
10:18 of 3rd period - Jack Hughes is hit by Zach Bogosian and loses puck.
10:36 of 3rd period - Tyler Seguin is hit by Brady Tkachuk and loses puck.
11:15 of 3rd period - Off-side.
11:16 of 3rd period - Andrei Svechnikov wins face-off versus Sonny Milano in neutral zone.
11:31 of 3rd period - Shot by Matthew Tkachuk.
11:31 of 3rd period - Shot Misses the Net.
12:20 of 3rd period - Icing by Jake Sanderson.
12:21 of 3rd period - Ivan Barbashev wins face-off versus Frederick Gaudreau in Panthers zone.
14:26 of 3rd period - Shot by Matthew Tkachuk.
14:26 of 3rd period - Shot Misses the Net.
14:49 of 3rd period - Anders Lee is hit by Charlie McAvoy.
15:05 of 3rd period - Shot by Kirill Kaprizov.
15:05 of 3rd period - Shot Misses the Net.
15:25 of 3rd period - Shot by Kirill Kaprizov.
15:25 of 3rd period - Shot Misses the Net.
15:27 of 3rd period - Shot by Nick Leddy.
15:27 of 3rd period - Stopped by Alexandar Georgiev without a rebound.
15:28 of 3rd period - Roope Hintz wins face-off versus Nick Ritchie in Panthers zone.
15:34 of 3rd period - Roope Hintz is hit by Zach Bogosian and loses puck.
15:45 of 3rd period - Shot by Tyler Seguin.
15:45 of 3rd period - Stopped by Alexandar Georgiev without a rebound.
15:46 of 3rd period - Mikael Backlund wins face-off versus Ivan Barbashev in Panthers zone.
16:56 of 3rd period - Shot by Roope Hintz.
16:56 of 3rd period - Shot Misses the Net.
17:44 of 3rd period - Shot by Aleksander Barkov.
17:44 of 3rd period - Deflect By Andrei Svechnikov.
17:44 of 3rd period - Stopped by Marc-Andre Fleury with a rebound.
18:00 of 3rd period - Shot by Aleksander Barkov.
18:00 of 3rd period - Shot Misses the Net.
18:12 of 3rd period - Shot by Jaden Schwartz.
18:12 of 3rd period - Shot Misses the Net.
18:38 of 3rd period - Shot by Frederick Gaudreau.
18:38 of 3rd period - Deflect By Jamie Benn.
18:38 of 3rd period - Stopped by Marc-Andre Fleury without a rebound.
18:39 of 3rd period - Mikael Backlund wins face-off versus Ivan Barbashev in BlackHawks zone.
19:21 of 3rd period - Marc-Edouard Vlasic is hit by Robby Fabbri and loses puck.
19:29 of 3rd period - Icing by Marc-Edouard Vlasic.
19:30 of 3rd period - Ivan Barbashev wins face-off versus Roope Hintz in BlackHawks zone.
19:30 of 3rd period - Ivan Barbashev is hit by Brady Tkachuk.
19:46 of 3rd period - Shot by Roope Hintz.
19:46 of 3rd period - Shot Misses the Net.
19:58 of 3rd period - Ty Dellandrea is hit by Brady Tkachuk and loses puck.
Goals for this period are 0 for BlackHawks vs 0 for Panthers.
Shots for this period are 12 for BlackHawks vs 5 for Panthers.